 Dungeon Crawl Stone Soup version 0.29.0-4-gdea44cf6ec (webtiles) character file.

Game seed: 8856260485058147910

69393 freelancePsychic the Fighter (level 14, -3/120 HPs)
             Began as a Demonspawn Conjurer on Aug 26, 2022.
             Was an Initiate of Gozag.
             Slain by a meliai
             ... wielding a +0 broad axe
              (7 damage)
             ... on level 13 of the Dungeon on Aug 27, 2022.
             The game lasted 00:54:58 (29400 turns).

freelancePsychic the Fighter (Demonspawn Conjurer) Turns: 29400, Time: 00:54:58

Health: -3/120     AC:  6    Str:  8    XL:     14   Next: 90%
Magic:  13/25      EV: 18    Int: 37    God:    Gozag
Gold:   1873       SH:  3    Dex: 11    Spells: 13/28 levels left

rFire   . . .      SeeInvis .   f - staff of conjuration
rCold   . . .      Faith    .   J - +0 buckler
rNeg    . . .      Spirit   .   M - +4 robe of Folly {Brilliance Will-∞ Int+8}
rPois   .          Reflect  .   (helmet restricted)
rElec   .          Harm     .   (cloak unavailable)
rCorr   +          Rampage  .   (no gloves)
Will    .....                   (no boots)
Stlth   ++........              c - amulet of regeneration
HPRegen 1.10/turn               g - +4 ring of evasion
MPRegen 0.19/turn               D - ring of Toheaq {Wiz *Slow Will+ rCorr Int+4}

@: very slow
A: antennae 1, foul stench 2, icemail 1, condensation shield, weakness stinger
3, demonic touch 2
a: Renounce Religion, Potion Petition, Call Merchant, Bribe Branch


You were on level 13 of the Dungeon.
You worshipped Gozag.
Gozag was most pleased with you.
You visited 4 branches of the dungeon, and saw 21 of its levels.
You also visited: Ossuary.

You collected 6450 gold pieces.
You spent 3309 gold pieces at shops.
You paid 1268 gold pieces to Gozag.

Inventory:

Missiles
 K - 3 throwing nets
Armour
 y - the +3 leather armour of the Ant {rElec Will+ Str+5}
   (You bought it in a shop on level 8 of the Dungeon)

   Str:       It affects your strength (+5).
   rElec:     It insulates you from electricity.
   Will:      It increases your willpower.
 J - a +0 buckler (worn)
 M - the +4 robe of Folly (worn) {Brilliance Will-∞ Int+8}
   (You bought it in a shop on level 8 of the Dungeon)

   It increases the power of your magical spells.
   It halves the magic cost of your spells (rounding up).
   It reduces your willpower to zero.
   Int:       It affects your intelligence (+8).
Magical Staves
 f - a staff of conjuration (weapon)
 Q - a staff of poison
Jewellery
 a - a +6 ring of dexterity
 c - an amulet of regeneration (around neck)
 g - a +4 ring of evasion (left hand)
 z - a ring of resist corrosion
 D - the ring of Toheaq (right hand) {Wiz *Slow Will+ rCorr Int+4}
   (You bought it in a shop on level 2 of the Orcish Mines)

   [ring of wizardry]

   It improves your spell success rate.
   Int:       It affects your intelligence (+4).
   rCorr:     It protects you from acid and corrosion.
   *Slow:     It may slow you when you take damage.
   Will:      It increases your willpower.
 I - a +4 ring of evasion
 L - a +6 ring of intelligence
Wands
 n - a wand of mindburst (39)
 r - a wand of digging (5)
 s - a wand of paralysis (4)
 H - a wand of flame (5)
 S - a wand of quicksilver (11)
Scrolls
 d - 4 scrolls of fear
 l - 3 scrolls of enchant armour
 p - a scroll of magic mapping
 u - 4 scrolls of fog
 v - 6 scrolls of teleportation {@r4}
 A - 3 scrolls of identify {@r1}
 B - 3 scrolls of blinking
 F - 4 scrolls of silence
 G - a scroll of immolation
 O - a scroll of enchant weapon
Potions
 b - a potion of magic
 e - 6 potions of lignification
 h - 10 potions of curing {@q1}
 i - 3 potions of might
 j - 3 potions of mutation
 k - 2 potions of resistance
 m - 3 potions of degeneration
 o - 2 potions of brilliance
 q - 6 potions of haste {@q3}
 t - a potion of invisibility
 w - 7 potions of heal wounds {@q2}
 x - a potion of ambrosia
 C - 5 potions of flight
 E - a potion of berserk rage
 N - a potion of attraction


   Skills:
 + Level 14.1 Fighting
 + Level 7.5 Dodging
 - Level 4.6 Stealth
 + Level 0.4 Shields
 - Level 7.9 Spellcasting
 - Level 13.6 Conjurations
 - Level 3.3 Translocations
 * Level 12.8 Earth Magic


You had 13 spell levels left.
You knew the following spells:

 Your Spells              Type           Power      Damage    Failure   Level
a - Iron Shot             Conj/Erth      65%        9d12      1%          6
b - Searing Ray           Conj           100%       2d8       0%          2
c - Stone Arrow           Conj/Erth      100%       3d13      1%          3
d - Iskenderun's Mystic   Conj/Tloc      100%       2d19      1%          4

Your spell library contained the following spells:

 Spells                   Type           Power      Damage    Failure   Level
 Magic Dart               Conj           100%       1d8       0%          1
 Sandblast                Erth           100%       2d20      0%          1
 Apportation              Tloc           100%       N/A       1%          1
 Necrotise                Necr           84%        1d8       1%          1
 Passwall                 Tmut/Erth      63%        N/A       1%          2
 Dazzling Flash           Conj/Hex       100%       N/A       1%          3
 Gell's Gravitas          Tloc           56%        N/A       1%          3
 Teleport Other           Tloc           56%        N/A       1%          3
 Animate Armour           Summ/Erth      100%       N/A       1%          4
 Fulminant Prism          Conj/Hex       49%        3d21      1%          4
 Ensorcelled Hibernation  Hex/Ice        42%        N/A       2%          2
 Portal Projectile        Hex/Tloc       80%        N/A       2%          3
 Passage of Golubria      Tloc           56%        N/A       3%          4
 Swiftness                Air            21%        N/A       4%          3
 Tukima's Dance           Hex            21%        N/A       4%          3
 Vampiric Draining        Necr           21%        2d7       4%          3
 Agony                    Necr           21%        N/A       38%         5
 Alistair's Intoxication  Tmut/Pois      14%        N/A       38%         5
 Blade Hands              Tmut           10%        N/A       38%         5
 Yara's Violent Unravell  Hex/Tmut       10%        3d6       38%         5
 Dispersal                Tloc           28%        N/A       45%         6
 Shatter                  Erth           52%        3d40*     99%         9


Dungeon Overview and Level Annotations

Branches:
Dungeon (13/15)            Temple (1/1) D:5            Lair (5/5) D:8
 Shoals (0/4) Lair:3        Snake (0/4) Lair:2        Slime (0/5) Lair:5
    Orc (2/2) D:12            Elf (0/3) Orc:2       Ossuary (visited)
 Vaults: D:13-14

Altars:
Ashenzari
Cheibriados
Dithmenos
Fedhas
Gozag
Hepliaklqana
Kikubaaqudgha
Makhleb
Nemelex Xobeh
Okawaru
Qazlal
Ru
Sif Muna
Trog
Uskayaw
Vehumet
Wu Jian
Xom
Yredelemnul
Jiyva

Shops:
D:8 :[   Orc:2 ?*?=(

Portals:
Pandemonium: Orc:2
Trove: D:12 (give 2 scrolls of acquirement)

Annotations:
D:11 exclusion: 4 doors
Lair:2 2 transporters, Tiocfaidh's ghost, journeyman DrIE
Lair:5 2 runed translucent doors


Innate Abilities, Weirdness & Mutations

You have a pair of small antennae on your head.
You sometimes emit foul miasma when damaged in melee.
A meltable icy envelope protects you from harm. (AC +0)
A meltable shield of frost defends you. (SH +0)
You have a sharp stinger which inflicts weakening toxins.
Your touch may inflict irresistible damage on your foes.


Message History

Aiming: Iron Shot (dangerous; 1% risk of failure)
Press: ? - help, Shift-Dir - straight line, f - orc knight
Aim: an orc knight, wielding a +2 great sword of electrocution and wearing a +0 plate armour (strong, 81% to hit)
You feel a strong surge of power!
The iron shot hits the orc knight!!!
The orc knight is almost dead.
The meliai is distracted by your dazzling golden aura.
The orc knight is distracted by your dazzling golden aura.
Casting: Iron Shot (dangerous; 1% risk of failure)
Confirm with . or Enter, or press ? or * to list all spells.
Aiming: Iron Shot (dangerous; 1% risk of failure)
Press: ? - help, Shift-Dir - straight line, f/p - orc knight
Aim: an orc knight, wielding a +2 great sword of electrocution and wearing a +0 plate armour (almost dead, strong, unaware, hasn't noticed you, 81% to hit)
You feel a strong surge of power!
The iron shot hits the orc knight!!!
You kill the orc knight!
The meliai buzzes angrily.
A yaktaur comes into view.
Casting: Iron Shot (dangerous; 1% risk of failure)
Confirm with . or Enter, or press ? or * to list all spells.
Aiming: Iron Shot (dangerous; 1% risk of failure)
Press: ? - help, Shift-Dir - straight line, f - deep elf pyromancer
Aim: a deep elf pyromancer, wielding a +0 long sword (73% to hit)
Okay, then.
You enter the shallow water.
Moving in this stuff is going to be slow.
The deep elf pyromancer casts a spell at you.
The bolt of fire hits you!!
Your icy defenses dissipate!
The deep elf pyromancer gestures at you while chanting.
The bolt of fire hits you!!!
* * * LOW HITPOINT WARNING * * *
The meliai attacks as you move away!
The meliai hits you with a +0 broad axe!
* * * LOW HITPOINT WARNING * * *
You emit a cloud of foul miasma!
The meliai closely misses you.
The meliai is engulfed in dark miasma.
The meliai is poisoned.
The meliai hits you with a +0 broad axe!
* * * LOW HITPOINT WARNING * * *
You emit a cloud of foul miasma!
The meliai stings you!
You die...
Your body crumbles into a pile of gold.

###..... o. ~. #
.......####y# ~~.#. #..#.
...$. ~.#.##.~~## ..$
.....§~~~###e# #
#.#~~§~~§##.#
###.#.~~~~~§~~#.#########
.....~~~§§§~e~o.......~≈≈
....~~~§@y§≈≈≈≈≈~~~~~.~≈≈
...~~~~<~~≈≈≈~~~~≈≈≈~.~≈≈
###.~≈~~≈≈≈~~~≈~.~≈≈~.~≈≈
.....~~~~~~~~~~~.~≈≈~.~≈≈
###...≈≈≈≈≈≈~~.~.~≈≈~.~≈≈
......~~~~≈~....≈≈≈~.≈≈≈
........~~~~..~.~~~~~.~≈≈
###~~.~~~~~~....
........~~.~~


You could see an orc knight, a deep elf pyromancer and a meliai (poisoned).

Vanquished Creatures
  Harold (Lair:1)
  9 hydras
  3 demonspawn (Orc:2)
  6 two-headed ogres
  A boulder beetle (D:11)
  4 death yaks (Lair:5)
  6 orc high priests (Orc:2)
  Urug (Lair:2)
  A sun demon (Orc:2)
  A sixfirhy (Orc:2)
  5 skeletal warriors (D:12)
  A lindwurm (Lair:5)
  5 orc knights
  3 cyclopes
  An ugly thing (D:12)
  8 orc sorcerers
  2 manticores
  Maurice (Orc:1)
  6 elephants (Lair:3)
  2 molten gargoyles (Lair:5)
  5 black mambas (Lair:5)
  A smoke demon (Orc:2)
  3 unseen horrors
  3 gargoyles
  6 cane toads
  11 komodo dragons
  5 rime drakes
  A freezing wraith (D:11)
  A red devil (Orc:2)
  Grinder (D:6)
  6 trolls
  A snapping turtle (Lair:3)
  9 blink frogs (Lair:5)
  A ynoxinul (Orc:2)
  5 wyverns
  2 shadows
  44 yaks
  3 wraiths
  Eustachio (D:6)
  4 basilisks
  Grum (D:8)
  4 steam dragons
  3 wargs (Orc:2)
  An acid dragon (D:11)
  A naga (Lair:2)
  Duvessa (D:6)
  4 hell hounds (Lair:5)
  9 water moccasins
  38 orc warriors
  A black bear (D:6)
  6 ogres
  25 wolves
  2 centaurs
  A boggart (D:13)
  2 phantoms (D:5)
  A kobold brigand (D:10)
  2 elf zombies (D:8)
  9 bullfrogs
  2 gnoll sergeants
  2 necrophages (D:5)
  3 scorpions
  9 wights
  Dowan (D:6)
  5 howler monkeys
  10 killer bees
  9 electric eels
  9 crimson imps (D:7)
  5 lava snakes (Lair:5)
  17 hounds
  3 gnoll boudas
  A human zombie (D:8)
  23 orc priests
  2 jellies
  Natasha (thrice) (D:2 D:3)
  Terence (D:2)
  3 human skeletons (D:8)
  An iguana (D:4)
  20 orc wizards
  3 mummies (Ossuary)
  16 gnolls
  11 adders
  2 shadow imps
  A white imp (D:7)
  An ufetubus (D:6)
  2 worms
  3 dart slugs (D:1)
  70 orcs
  15 ball pythons
  6 endoplasms
  5 giant cockroaches
  9 goblins
  7 hobgoblins
  3 jackals (D:4)
  4 quokkas
  6 bats
  2 frilled lizards (D:1)
  A gnoll zombie (Ossuary)
  4 goblin zombies (Ossuary)
  4 hobgoblin zombies (Ossuary)
  10 kobolds
  5 kobold zombies (Ossuary)
  9 rats
619 creatures vanquished.

Vanquished Creatures (others)
  2 gnolls (D:8)
  A bush (Lair:5)
  16 fungi
  9 plants
28 creatures vanquished.

Grand Total: 647 creatures vanquished

Notes
Turn   | Place    | Note
-------+----------+-------------------------------------------
     0 | D:1      | freelancePsychic the Demonspawn Conjurer began the quest
                  | for the Orb.
     0 | D:1      | Reached XP level 1. HP: 13/13 MP: 3/3
   186 | D:1      | Discovered your monstrous ancestry.
   186 | D:1      | Gained mutation: You have a small tail. [demonic ancestry]
   186 | D:1      | Reached XP level 2. HP: 20/20 MP: 3/5
   189 | D:1      | Learned a level 2 spell: Searing Ray
   266 | D:1      | Reached skill level 1 in Fighting
   807 | D:1      | Reached XP level 3. HP: 26/26 MP: 3/6
  1417 | D:2      | Noticed Natasha
  1646 | D:2      | You fall into a shaft and drop 1 floor!
  1794 | D:3      | Noticed a centaur
  2242 | D:2      | Reached skill level 2 in Fighting
  2242 | D:2      | Gained mutation: You have a pair of small antennae on your
                  | head. [demonic ancestry]
  2242 | D:2      | Reached XP level 4. HP: 33/33 MP: 0/8
  2431 | D:2      | Noticed Terence
  2610 | D:2      | Killed Natasha
  2836 | D:3      | Reached skill level 1 in Translocations
  2996 | D:3      | Gained mutation: Your touch may inflict minor irresistible
                  | damage on your foes. [demonic ancestry]
  2996 | D:3      | Reached XP level 5. HP: 33/39 MP: 1/9
  2997 | D:2      | Noticed Natasha
  3005 | D:3      | Killed Natasha
  3006 | D:3      | Reached skill level 5 in Conjurations
  3207 | D:3      | Noticed Natasha
  3212 | D:3      | Killed Natasha
  3323 | D:4      | Reached skill level 3 in Fighting
  3408 | D:4      | Gained mutation: You may rarely emit foul miasma when
                  | damaged in melee. [demonic ancestry]
  3408 | D:4      | Reached XP level 6. HP: 21/47 MP: 3/10
  3603 | D:4      | Learned a level 4 spell: Iskenderun's Mystic Blast
  4443 | D:5      | Entered Level 5 of the Dungeon
  4455 | D:5      | Found a hide-covered altar of Uskayaw.
  4572 | D:5      | Reached skill level 4 in Fighting
  4572 | D:5      | Gained mutation: A meltable shield of frost defends you.
                  | (SH +0) [demonic ancestry]
  4572 | D:5      | Reached XP level 7. HP: 54/54 MP: 2/11
  4947 | D:5      | Learned a level 3 spell: Stone Arrow
  5025 | D:5      | Found a staircase to the Ecumenical Temple.
  5195 | Temple   | Entered the Ecumenical Temple
  5222 | Temple   | Became a worshipper of Gozag Ym Sagoz the Greedy
  5332 | D:5      | Reached skill level 1 in Earth Magic
  5526 | D:5      | Found a shadowy altar of Dithmenos.
  5750 | D:6      | Identified the +1 robe "Wocrumoj" {rPois Str+4 Dex+4}
  5793 | D:6      | Noticed a steam dragon
  5849 | D:6      | Reached skill level 5 in Fighting
  5911 | D:6      | Gained mutation: Your touch may inflict irresistible damage
                  | on your foes. [demonic ancestry]
  5911 | D:6      | Reached XP level 8. HP: 62/62 MP: 2/12
  6013 | D:6      | Noticed a two-headed ogre
  6299 | D:6      | Noticed Eustachio
  6463 | D:6      | Found a sacrificial altar of Ru.
  6520 | D:6      | Killed Eustachio
  6836 | D:6      | Noticed Grinder
  6932 | D:6      | Killed Grinder
  6933 | D:6      | Reached skill level 6 in Fighting
  7072 | D:6      | Noticed Duvessa
  7072 | D:6      | Noticed Dowan
  7752 | D:6      | Killed Duvessa
  7753 | D:6      | Gained mutation: You sometimes emit foul miasma when
                  | damaged in melee. [demonic ancestry]
  7753 | D:6      | Reached XP level 9. HP: 67/71 MP: 0/13
  8196 | D:7      | Reached skill level 7 in Fighting
  8571 | D:7      | Paralysed by a crimson imp for 4 turns
  8583 | D:7      | Paralysed by a crimson imp for 3 turns
  8602 | D:7      | Reached skill level 5 in Earth Magic
  9146 | D:8      | Found an ancient bone altar of Kikubaaqudgha.
  9149 | D:8      | Found a stormy altar of Qazlal.
  9151 | D:8      | Found an iron altar of Okawaru.
  9152 | D:8      | Found a blossoming altar of Fedhas.
  9174 | D:8      | Found a sand-covered staircase.
  9182 | Ossuary  | Entered an ossuary
  9882 | D:8      | Reached skill level 8 in Fighting
  9892 | D:8      | Bought a twisted leather armour for 238 gold pieces
  9892 | D:8      | Identified the +3 leather armour of the Ant {rElec Will+
                  | Str+5} (You bought it in a shop on level 8 of the Dungeon)
 10204 | D:8      | Noticed a troll
 10215 | D:8      | Killed a troll
 10216 | D:8      | Reached XP level 10. HP: 49/80 MP: 2/14
 10535 | D:8      | Found a bloodstained altar of Trog.
 10571 | D:8      | Found a shimmering blue altar of Sif Muna.
 10773 | D:8      | Found a staircase to the Lair.
 10974 | D:8      | Noticed Grum
 10983 | D:8      | Killed Grum
 11112 | D:8      | Noticed a cyclops
 11140 | D:8      | Reached skill level 9 in Fighting
 11896 | D:6      | Killed Dowan
 11897 | D:6      | Reached skill level 10 in Conjurations
 12306 | D:3      | Found an ornate altar of the Wu Jian Council.
 12562 | D:2      | Killed Terence
 12727 | D:2      | Found an iron altar of Okawaru.
 12949 | D:9      | Noticed a two-headed ogre
 13278 | D:8      | Killed a cyclops
 14095 | D:9      | Reached XP level 11. HP: 83/89 MP: 5/17
 14729 | D:9      | Found a sparkling altar of Nemelex Xobeh.
 14765 | D:9      | Found a radiant altar of Vehumet.
 15059 | D:10     | Entered Level 10 of the Dungeon
 15059 | D:10     | Noticed a two-headed ogre
 15065 | D:10     | Killed a two-headed ogre
 15209 | D:10     | Found a burning altar of Makhleb.
 15280 | D:10     | Noticed a balrug
 15505 | D:10     | Noticed a two-headed ogre
 15509 | D:10     | Noticed a two-headed ogre
 15510 | D:10     | Reached skill level 10 in Fighting
 15517 | D:10     | Reached skill level 5 in Spellcasting
 15520 | D:10     | Killed a two-headed ogre
 15524 | D:10     | Killed a two-headed ogre
 16073 | D:10     | Learned a level 6 spell: Iron Shot
 16091 | D:11     | Noticed a boulder beetle
 16097 | D:11     | Killed a boulder beetle
 16540 | D:11     | Noticed a seven-headed hydra
 16548 | D:11     | Killed a seven-headed hydra
 17291 | Lair:1   | Entered Level 1 of the Lair of Beasts
 17421 | Lair:1   | Gained mutation: You have a tail ending in a sharp stinger.
                  | [demonic ancestry]
 17421 | Lair:1   | Reached XP level 12. HP: 99/99 MP: 14/21
 17675 | D:8      | Bought the +4 robe of Folly {Brilliance Will-∞ Int+8} for
                  | 1513 gold pieces
 17675 | D:8      | Found the +4 robe of Folly {Brilliance Will-∞ Int+8}
 18107 | Lair:1   | Noticed Harold
 18126 | Lair:1   | Killed Harold
 18127 | Lair:1   | Reached skill level 11 in Fighting
 18947 | Lair:2   | Found a staircase to the Snake Pit.
 18947 | Lair:2   | You fall into a shaft and drop 1 floor!
 19324 | Lair:2   | Noticed Tiocfaidh's ghost (journeyman DrIE)
 19330 | Lair:2   | Noticed Urug
 19331 | Lair:2   | Found a transporter.
 19337 | Lair:2   | Killed Urug
 19385 | Lair:2   | Found a transporter.
 19741 | Lair:2   | Found a bloodstained altar of Trog.
 20478 | Lair:3   | Found a staircase to the Shoals.
 20956 | Lair:4   | Noticed an eight-headed hydra
 20964 | Lair:4   | Killed an eight-headed hydra
 21173 | Lair:4   | Noticed a five-headed hydra
 21178 | Lair:4   | Killed a five-headed hydra
 21179 | Lair:4   | Reached skill level 12 in Fighting
 21314 | Lair:4   | Gained mutation: You have a sharp stinger which inflicts
                  | weakening toxins. [demonic ancestry]
 21314 | Lair:4   | Reached XP level 13. HP: 108/108 MP: 20/24
 21901 | Lair:5   | Entered Level 5 of the Lair of Beasts
 22503 | Lair:5   | Found a staircase to the Slime Pits.
 22504 | Lair:5   | Found a viscous altar of Jiyva.
 22792 | Lair:5   | Reached skill level 10 in Earth Magic
 23423 | Lair:5   | Found a large runed translucent door.
 23425 | Lair:5   | Found a large runed translucent door.
 23780 | Lair:5   | Reached skill level 5 in Dodging
 23788 | Lair:5   | Reached skill level 13 in Fighting
 24336 | Lair:5   | Noticed a fire dragon
 24735 | D:12     | Found a staircase to the Orcish Mines.
 24802 | D:12     | Gained mutation: A meltable icy envelope protects you from
                  | harm. (AC +0) [demonic ancestry]
 24802 | D:12     | Reached XP level 14. HP: 84/118 MP: 5/25
 25372 | D:12     | Found a portal to a secret trove of treasure.
 26040 | Orc:1    | Entered Level 1 of the Orcish Mines
 26040 | Orc:1    | Noticed Maurice
 26042 | Orc:1    | Killed Maurice
 26907 | Orc:2    | Entered Level 2 of the Orcish Mines
 26907 | Orc:2    | Found a staircase to the Elven Halls.
 27137 | Orc:2    | Found Antastudgh's Magic Scroll Shoppe.
 27401 | Orc:2    | Bought a scroll of blinking for 105 gold pieces
 27401 | Orc:2    | Bought a scroll of blinking for 105 gold pieces
 27474 | Orc:2    | Found Suilesits's Magic Scroll Shop.
 27496 | Orc:2    | Found Cudwuupn's General Store.
 27978 | Orc:2    | Bought a potion of heal wounds for 70 gold pieces
 27978 | Orc:2    | Bought 3 potions of curing for 126 gold pieces
 28545 | Orc:2    | Reached skill level 14 in Fighting
 28904 | Orc:2    | Found Enudup's Jewellery Shoppe.
 28904 | Orc:2    | Found Meastryamn's Antique Weapon Emporium.
 28905 | Orc:2    | Found a one-way gate leading to the halls of Pandemonium.
 29112 | Orc:2    | Bought the ring of Toheaq {Wiz *Slow Will+ rCorr Int+4} for
                  | 612 gold pieces
 29283 | D:8      | Bought the Volume of Excavation for 540 gold pieces
 29400 | D:13     | HP: 4/120 [meliai/+0 broad axe (14)]
 29400 | D:13     | Slain by a meliai

Illustrated notes

Levels and vault maps discovered:
D:1:      minmay_arrival_open_corners, layout_loops_ring, hex_medium,
          hangedman_abyss_or_decor_lesser_grid, minmay_split_cup_large
D:2:      layout_loops_cross, basic_altar, uniq_natasha, uniq_terence
D:3:      layout_basic, lemuel_round_altar, serial_rivers,
          chequers_serial_rivers_micro_b, chequers_serial_rivers_room_b,
          chequers_serial_rivers_room_b, chequers_serial_rivers_large_b,
          hangedman_feature_mirror
D:4:      layout_gridville
D:5:      layout_loops_ring, grunt_dithmenos_shadows, lemuel_round_altar,
          temple_pool_b
D:6:      cheibrodos_helix_gallery, layout_loops_ring, amcnicky_altar_gilded,
          uniq_duvessa, uniq_grinder, uniq_eustachio
D:7:      layout_loops_ring, minmay_nine_imps
D:8:      kennysheep_big_flooded_room, layout_basic,
          mainiacjoe_overflow_surrounded_room, marbit_many_paths,
          mainiacjoe_overflow_concentric_impassable, grunt_temple_overflow_open,
          erik_lair_island, nicolae_ossuary_entry_catacombs, uniq_grum
D:9:      layout_basic, mainiacjoe_overflow_tiny_flanked,
          nemelex_diamond_rough_becter, kennysheep_generic_room_10
D:10:     layout_loops_ring, makhleb_altar_promises_db, mrwooster_statue_mirror
D:11:     minmay_the_grid_four_pointed_star
          [minmay_the_grid_triangle_9x9_semitri,
          minmay_the_grid_triangle_9x9_zippers_vertical,
          minmay_the_grid_triangle_9x9_corrupted_corridor,
          minmay_the_grid_triangle_9x9_cache,
          minmay_the_grid_prize_four_corners], layout_long_grid
D:12:     layout_irregular_city, david_orc_2, nicolae_trove_entry_crystal
D:13:     layout_basic, minivault_28, uniq_rupert
Temple:   hellmonk_temple_two_chambers
Lair:1:   layout_long_grid, uniq_harold
Lair:2:   layout_cave_pods, guppyfry_snake_entry_garden,
          gammafunk_ghost_wrathful_warriors, infiniplex_staircase_pool,
          uniq_urug
Lair:3:   layout_hall_layers, minmay_shoals_entry_hut
Lair:4:   layout_gridlike, st_stairs_5
Lair:5:   cheibrodos_lair_end_hotspot, layout_gridlike, slime_entry_1,
          lemuel_fruit_tree
Orc:1:    layout_caves, uniq_maurice
Orc:2:    pf_orc_diabolical, layout_caves, serial_shops, nicolae_shop_waterfront

Skill      XL: |  1  2  3  4  5  6  7  8  9 10 11 12 13 14 |
---------------+-------------------------------------------+-----
Fighting       | 1 2 3 4 5 6 8 9 10 12 13 14 | 14.1
Spellcasting   | 3 4 6 7 |  7.9
Translocations | 1 2 3 |  3.3
Conjurations   | 5 6 7 9 10 11 12 13 | 13.6
Earth Magic    | 2 4 5 6 8 9 10 12 | 12.8
Stealth        | 3 4 |  4.6
Dodging        | 2 5 7 |  7.5
Shields        | |  0.4

Action                   |  1- 3 |  4- 6 |  7- 9 | 10-12 | 13-15 || total
-------------------------+-------+-------+-------+-------+-------++-------
Melee: Dagger            |    54 |    17 |   213 |   130 |       ||   414
       Tailslap          |     6 |     4 |    40 |    24 |    12 ||    86
       Touch             |       |     6 |    41 |    25 |    11 ||    83
       Unarmed           |       |       |     3 |       |       ||     3
       Punch             |       |       |     1 |     1 |     1 ||     3
       Staff             |       |       |       |       |    64 ||    64
Throw: Dart              |       |       |       |     4 |       ||     4
       Throwing net      |       |       |       |     1 |       ||     1
 Cast: Magic Dart        |    39 |       |       |       |       ||    39
       Searing Ray       |    21 |    36 |    22 |    18 |       ||    97
       Stone Arrow       |       |       |    76 |   150 |       ||   226
       Iskenderun's Myst |       |       |       |     6 |    25 ||    31
       Iron Shot         |       |       |       |    72 |   235 ||   307
Invok: Call Merchant     |       |       |     1 |       |     1 ||     2
Evoke: Wand              |       |       |     7 |     3 |       ||    10
  Use: Scroll            |     2 |     1 |    13 |    14 |     5 ||    35
       Potion            |       |       |     2 |     2 |     2 ||     6
 Stab: Sleeping          |     1 |       |     1 |     3 |       ||     5
       Distracted        |       |       |     2 |     1 |     1 ||     4
       Invisible         |       |       |       |     2 |       ||     2
Armor: Robe              |    11 |     5 |    35 |    12 |    32 ||    95
       Skin              |       |       |    22 |       |       ||    22
       Leather armour    |       |       |     6 |    24 |       ||    30
Dodge: Dodged            |    51 |    34 |   162 |   188 |   119 ||   554
Block: Other             |       |       |    40 |    32 |    26 ||    98
